 Dungeon Crawl Stone Soup version 0.23.2-40-g277498a001 (webtiles) character file.

Game seed: 7106048595650774841

68 Amplified the Magician (level 4, -5/34 HPs)
             Began as a Mummy Fire Elementalist on Sept 18, 2019.
             Slain by a phantom (6 damage)
             ... on level 4 of the Dungeon.
             The game lasted 00:04:02 (1439 turns).

Amplified the Magician (Mummy Fire Elementalist)    Turns: 1439, Time: 00:04:02

Health: -5/34      AC:  5    Str: 11    XL:     4   Next: 1%
Magic:  5/10       EV: 12    Int: 15    God:
Gold:   35         SH:  0    Dex: 12    Spells: 8/11 levels left

rFire    x . .     SeeInvis .   b - +0 long sword
rCold    + . .     Gourm    .   (no shield)
rNeg     + + +     Faith    .   a - +0 robe
rPois    ∞         Spirit   .   (no helmet)
rElec    .         Reflect  .   (no cloak)
rCorr    .         Harm     .   (no gloves)
MR       .....                  (no boots)
Stlth    ++........             (no amulet)
HPRegen  0.11/turn              c - +3 ring of protection
MPRegen  0.12/turn              (no ring)

@: very slightly contaminated
A: no food or potions, fire vulnerability, cold resistance 1, negative energy
resistance 3, torment resistance, unbreathing
a: no special abilities


You were on level 4 of the Dungeon.
You were not hungry.

You visited 1 branch of the dungeon, and saw 4 of its levels.

You collected 35 gold pieces.

Inventory:

Hand Weapons
 b - a +0 long sword (weapon)
 d - a +0 dagger of draining
Armour
 a - a +0 robe (worn)
Jewellery
 c - a +3 ring of protection (left hand)


   Skills:
 * Level 2.4 Fighting
 - Level 1.5 Dodging
 - Level 1.5 Stealth
 * Level 4.2 Spellcasting
 - Level 0.7 Conjurations
 - Level 2.4 Fire Magic


You had 8 spell levels left.
You knew the following spells:

 Your Spells              Type           Power        Failure   Level  Hunger
a - Flame Tongue          Conj/Fire      #....        10%         1    N/A
b - Throw Flame           Conj/Fire      #.....       14%         2    N/A

Your spell library contained the following spells:

 Spells                   Type           Power        Failure   Level  Hunger
 Conjure Flame            Conj/Fire      #.......     28%         3    N/A
 Inner Flame              Hex/Fire       #.......     32%         3    N/A
 Sticky Flame             Conj/Fire      #.......     67%         4    N/A
 Fireball                 Conj/Fire      #.........   95%         5    N/A

Dungeon Overview and Level Annotations

Branches:
Dungeon (4/15)
 Temple: D:4-7

Altars:


Innate Abilities, Weirdness & Mutations

You do not eat or drink.
Your flesh is vulnerable to fire.
You are immune to poison.
Your flesh is cold resistant. (rC+)
You are immune to negative energy. (rN+++)
You are immune to unholy pain and torment.
You can survive without breathing.


Message History

Unknown command.
The phantom barely misses you.
Sorry, you're not good enough to have a special ability.
Unknown command.
Put on which piece of jewellery? (? for menu, Esc to quit)
Okay, then.
Casting: Flame Tongue (safe; 10% risk of failure)
Confirm with . or Enter, or press ? or * to list all spells.
Aiming: Flame Tongue (safe; 10% risk of failure)
Press: ? - help, Shift-Dir - straight line The flame tongue misses the phantom.
The flame tongue hits the phantom.
The phantom is lightly damaged.
The orc hits you with a +0 flail.
* * * LOW HITPOINT WARNING * * *
The phantom barely misses you. The gnoll barely misses you.
Unknown command.
The orc hits you from afar with a +0 trident.
* * * LOW HITPOINT WARNING * * *
The phantom hits you.
You die...

### #.##
#..## #
#..<##.###
#..o.....#
#oog#......
#@.##....##
#W## ...#
#.. !....
#.## ..##
### ###


You could see a phantom, a gnoll and 3 orcs.

Vanquished Creatures
  A gnoll (D:3)
  An ooze (D:3)
  A worm (D:2)
  2 dart slugs (D:1)
  A leopard gecko (D:1)
  4 orcs (D:3)
  4 bats
  5 goblins (D:1)
  3 hobgoblins (D:1)
  2 ball pythons (D:1)
  2 frilled lizards (D:1)
  9 kobolds
  8 rats
43 creatures vanquished.

Notes
Turn   | Place    | Note
-------+----------+-------------------------------------------
     0 | D:1      | Amplified the Mummy Fire Elementalist began the quest for
                  | the Orb.
     0 | D:1      | Reached XP level 1. HP: 13/13 MP: 4/4
    44 | D:1      | Reached skill level 3 in Spellcasting
    83 | D:1      | Reached skill level 1 in Fighting
   164 | D:1      | Reached XP level 2. HP: 20/21 MP: 3/6
   445 | D:1      | Learned a level 2 spell: Throw Flame
   666 | D:1      | Reached XP level 3. HP: 26/27 MP: 5/8
  1326 | D:3      | Reached skill level 4 in Spellcasting
  1410 | D:3      | Reached XP level 4. HP: 34/34 MP: 6/10
  1434 | D:4      | Noticed a phantom
  1439 | D:4      | HP: 1/34 [orc/+0 trident (3)]
  1439 | D:4      | Slain by a phantom

Skill      XL: |  1  2  3 |
---------------+----------+-----
Spellcasting   | 3 4 |  4.2
Fighting       | 1 2 |  2.4
Dodging        | |  1.5
Stealth        | |  1.5
Conjurations   | |  0.7
Fire Magic     | |  2.4

Action                   |  1- 3 |  4- 6 || total
-------------------------+-------+-------++-------
Melee: Unarmed           |     6 |       ||     6
       Long sword        |     1 |       ||     1
 Cast: Flame Tongue      |    73 |     2 ||    75
  Use: Scroll            |     2 |       ||     2
Armor: Robe              |    14 |       ||    14
Dodge: Dodged            |    44 |     6 ||    50
       Rpst.: Long sword |     2 |     1 ||     3
